Map: Avalon Labs

Players

JohnMcClane

  • Race: Zerg Zerg
  • League: Silver

JackONeill

  • Race: Zerg Zerg

Hindulaatti

  • Race: Zerg Zerg
  • League: Diamond

artist

  • Race: Protoss Protoss
  • League: Diamond

fenor

  • Race: Protoss Protoss

Skyfire

  • Race: Zerg Zerg

VOD

Have the link to the VOD?

Description

Time

  • Played on: Jan. 19, 2016, 1:01 p.m.
  • Length: 10:17
Show
View Real Time Build Order
Export as new Build Order

JohnMcClane Zerg 

Build Orders: Pool First 

Get SALT Encoding   

  12  0:01  Drone  
  13  0:16  Drone  
  14  0:25  Extractor x2  
  14  0:26  Drone  
  14  0:27  Drone  
  16  0:36  Spawning Pool  
  15  1:00  Hatchery  
  14  1:07  Drone, Extractor  
  14  1:11  Overlord  
  15  1:29  Extractor  
  14  1:33  Zergling x4  
  14  1:34  Zergling x2  
  14  1:35  Queen  
  19  1:45  Drone  
  20  1:59  Overlord  
  20  2:12  Queen  
  22  2:17  Drone x3  
  25  2:24  Drone  
  25  2:27  Queen  
  28  2:42  Drone x3  
  31  2:54  Drone x2, Overlord  
  33  3:02  Lair  
  33  3:16  Drone x4, Extractor  
  36  3:26  Spore Crawler  
  35  3:28  Spore Crawler  
  35  3:29  Drone x3  
  37  3:38  Drone x2  
  39  3:51  Overlord x2  
  39  3:54  Drone x2  
  41  4:04  Overlord  
  41  4:09  Evolution Chamber  
  40  4:23  Drone x6, Extractor  
  45  4:37  Hydralisk Den  
  45  4:38  Queen  
  46  4:48  Zerg Missile Weapons Level 1  
  46  5:15  Hydralisk x10  
  66  5:46  Overlord x3  
  66  5:47  Drone x2  
  68  5:51  Extractor  
  68  5:56  Muscular Augments  
  67  5:57  Overlord x2  
  67  5:58  Drone  
  68  6:17  Hydralisk x4  
  76  6:30  Hatchery  
  75  6:43  Hydralisk x4  
  75  6:44  Hydralisk  
  85  6:49  Drone x4  
  89  7:14  Hydralisk x3  
  89  7:15  Hydralisk x3  
  99  7:34  Zerg Ground Armor Level 1  
  99  7:46  Hydralisk x3  
  99  7:48  Metabolic Boost  
  105  8:00  Extractor  
  104  8:09  Spore Crawler  
  104  8:11  Drone  
  104  8:12  Drone x2  
  106  8:14  Overlord x3  
  106  8:26  Overlord x3  
  106  8:30  Spore Crawler  
  106  8:31  Spore Crawler  
  104  8:36  Drone  
  104  8:37  Drone x3, Hydralisk  
  104  8:38  Hydralisk x7  
  124  8:52  Overlord  
  124  8:53  Drone  
  125  9:05  Extractor  
  124  9:15  Drone x10  
  134  9:28  Infestation Pit  
  133  9:45  Hydralisk  
  133  9:46  Hydralisk x6  
Show
View Real Time Build Order
Export as new Build Order

JackONeill Zerg 

Build Orders: Hatch First 

Get SALT Encoding   

  12  0:00  Drone  
  13  0:08  Drone  
  14  0:16  Overlord  
  14  0:25  Extractor  
  14  0:26  Drone  
  15  0:35  Drone  
  15  0:36  Drone  
  17  0:54  Hatchery  
  16  1:10  Spawning Pool  
  15  1:13  Drone  
  15  1:15  Drone  
  17  1:21  Extractor  
  16  1:28  Drone x2  
  18  1:57  Queen  
  18  1:58  Zergling x4  
  18  1:59  Overlord  
  22  2:08  Queen  
  22  2:10  Drone x2  
  26  2:22  Drone x2  
  28  2:23  Metabolic Boost  
  28  2:31  Drone x2  
  28  2:37  Spore Crawler  
  29  2:41  Drone  
  30  2:59  Drone x2  
  30  3:00  Drone  
  33  3:12  Drone x3  
  36  3:13  Overlord  
  36  3:14  Overlord  
  36  3:28  Extractor  
  35  3:34  Drone  
  35  3:35  Drone x2  
  35  3:37  Drone x3  
  35  3:40  Spore Crawler  
  40  3:44  Overlord  
  40  3:46  Hatchery  
  40  3:47  Lair  
  39  3:59  Drone x3, Extractor  
  39  4:00  Drone x2, Extractor  
  42  4:03  Drone  
  42  4:06  Drone  
  44  4:12  Spore Crawler  
  43  4:22  Drone  
  44  4:24  Evolution Chamber  
  43  4:40  Spore Crawler  
  43  4:41  Queen  
  43  4:42  Spore Crawler  
  43  4:45  Queen  
  45  4:48  Spire  
  44  4:56  Overlord x2  
  44  5:14  Drone x3  
  44  5:15  Drone x4  
  44  5:18  Drone x2  
  53  5:47  Spore Crawler  
  53  5:49  Spore Crawler  
  51  5:52  Drone x3, Spore Crawler  
  51  5:53  Drone x3  
  51  5:54  Queen  
  58  6:03  Mutalisk x2  
  58  6:04  Mutalisk x2  
  61  6:05  Mutalisk  
  69  6:16  Extractor  
  69  6:17  Extractor  
  67  6:20  Mutalisk x2, Zerg Flyer Weapons Level 1  
  67  6:21  Mutalisk  
  72  6:41  Overlord x2  
  72  6:42  Overlord x3  
  70  7:01  Overlord x2  
  70  7:10  Mutalisk x3  
  70  7:11  Mutalisk x3  
  81  7:30  Infestation Pit, Mutalisk x4  
  88  7:39  Mutalisk  
  90  7:47  Mutalisk x3  
  96  8:00  Corruptor x2  
  96  8:05  Corruptor  
  96  8:16  Corruptor  
  98  8:20  Drone  
  98  8:21  Drone x3  
  98  8:25  Drone x2  
  104  8:32  Corruptor  
  106  8:47  Drone x3  
  106  8:48  Drone  
  110  8:50  Corruptor  
  110  8:51  Corruptor x2  
  116  9:02  Hive  
  116  9:17  Corruptor x3  
  116  9:19  Overlord  
  116  9:20  Overlord x2  
  122  9:37  Corruptor x4  
  130  9:46  Overlord x3  
Show
View Real Time Build Order
Export as new Build Order

Hindulaatti Zerg 

Build Orders: Hatch First 

Get SALT Encoding   

  12  0:01  Drone  
  13  0:12  Drone  
  14  0:24  Extractor  
  14  0:25  Drone  
  15  0:34  Overlord  
  15  0:48  Hatchery  
  14  0:52  Drone  
  16  0:57  Drone  
  16  1:09  Spawning Pool  
  15  1:12  Drone  
  15  1:16  Drone  
  17  1:20  Drone  
  17  1:25  Drone  
  19  1:35  Overlord, Extractor  
  18  1:47  Drone  
  19  2:02  Drone  
  19  2:03  Drone  
  21  2:13  Drone x2  
  23  2:18  Queen x2  
  27  2:32  Drone, Roach Warren  
  27  2:33  Drone x3  
  30  2:39  Metabolic Boost  
  30  2:44  Spore Crawler  
  29  2:51  Drone x2  
  29  2:52  Drone  
  29  2:56  Drone  
  34  3:05  Drone  
  34  3:06  Drone  
  36  3:17  Extractor  
  35  3:23  Overlord x2  
  35  3:36  Overlord  
  35  3:37  Overlord  
  35  3:43  Drone x2  
  35  3:44  Drone  
  38  3:49  Lair  
  38  3:51  Drone x2  
  38  3:52  Drone x2  
  38  3:55  Extractor  
  41  3:56  Extractor  
  40  4:09  Roach  
  44  4:10  Roach x5  
  52  4:20  Spore Crawler  
  52  4:23  Spore Crawler  
  50  4:26  Roach x3  
  50  4:29  Hatchery  
  55  4:34  Roach x2  
  59  4:40  Spore Crawler  
  58  4:46  Spore Crawler  
  57  4:53  Infestation Pit  
  56  5:13  Queen x2  
  60  5:14  Drone x2  
  60  5:15  Drone x2  
  64  5:35  Spore Crawler  
  63  5:59  Hive  
  63  6:03  Infestor x3  
  63  6:04  Infestor x2  
  69  6:10  Pathogen Glands  
  73  6:14  Drone  
  73  6:17  Overlord x2  
  74  6:29  Overlord  
  70  6:41  Infestor x2  
  70  6:42  Spore Crawler  
  70  6:43  Spore Crawler  
  72  7:09  Queen  
  72  7:13  Spore Crawler  
  72  7:15  Roach  
  75  7:16  Roach x5  
  75  7:17  Drone  
  75  7:18  Drone  
  75  7:21  Extractor  
  86  7:24  Infestor  
  88  7:30  Overseer x2  
  88  7:34  Drone  
  89  7:53  Infestor x3  
  89  7:55  Roach  
  89  7:57  Drone  
  98  8:15  Overlord x3  
  98  8:18  Overseer  
  98  8:32  Overlord x3  
  98  8:37  Drone  
  98  8:38  Drone  
  98  8:41  Drone  
  101  8:52  Drone  
  101  8:53  Drone x3  
  105  9:16  Infestor x4  
  107  9:19  Overlord  
  113  9:35  Drone x4  
  113  9:36  Drone x3  
  120  9:38  Extractor  
  120  9:42  Roach x2  
  123  9:49  Evolution Chamber  
Show
View Real Time Build Order
Export as new Build Order

artist Protoss 

Build Orders: 1 Gate Expand 

Get SALT Encoding   

  12  0:01  Probe (Chrono Boost)  
  13  0:14  Probe (Chrono Boost)  
  14  0:21  Pylon  
  14  0:25  Probe (Chrono Boost)  
  15  0:39  Probe (Chrono Boost)  
  15  0:42  Gateway  
  16  0:47  Assimilator  
  16  0:50  Probe (Chrono Boost)  
  17  1:01  Probe (Chrono Boost)  
  19  1:11  Probe (Chrono Boost)  
  19  1:22  Probe (Chrono Boost)  
  20  1:26  Nexus  
  20  1:32  Assimilator  
  20  1:34  Probe (Chrono Boost)  
  21  1:45  Probe (Chrono Boost)  
  22  1:48  Cybernetics Core  
  22  1:59  Pylon, Probe (Chrono Boost)  
  23  2:21  Pylon  
  23  2:28  Assimilator  
  23  2:37  Probe (Chrono Boost)  
  23  2:38  Probe (Chrono Boost)  
  23  2:42  Stargate  
  25  2:44  Stargate  
  25  2:48  Probe (Chrono Boost)  
  25  2:49  Probe (Chrono Boost)  
  27  2:58  Probe (Chrono Boost)  
  27  2:59  Probe (Chrono Boost)  
  29  3:09  Probe (Chrono Boost)  
  29  3:10  Probe (Chrono Boost)  
  32  3:20  Probe x2 (Chrono Boost)  
  33  3:27  Void Ray (Chrono Boost)  
  33  3:30  Void Ray (Chrono Boost), Probe x2 (Chrono Boost)  
  43  3:35  Pylon  
  43  3:42  Probe x2  
  45  3:49  Pylon  
  45  3:54  Assimilator, Probe  
  45  3:55  Probe  
  47  4:06  Void Ray (Chrono Boost)  
  51  4:12  Void Ray (Chrono Boost)  
  51  4:15  Probe  
  51  4:17  Probe  
  57  4:30  Stargate  
  57  4:34  Probe  
  57  4:35  Probe  
  59  4:40  Pylon  
  59  4:42  Pylon  
  59  4:47  Probe  
  60  4:59  Void Ray x2 (Chrono Boost)  
  68  5:21  Void Ray (Chrono Boost)  
  72  5:36  Void Ray (Chrono Boost)  
  72  5:42  Void Ray (Chrono Boost)  
  72  5:50  Pylon  
  72  5:52  Pylon  
  72  5:53  Forge  
  72  5:54  Pylon  
  76  6:04  Void Ray (Chrono Boost)  
  80  6:28  Nexus  
  80  6:30  Pylon  
  80  6:32  Pylon  
  80  6:55  Phoenix x2 (Chrono Boost)  
  80  6:59  Phoenix (Chrono Boost)  
  82  7:09  Stargate  
  82  7:13  Stargate, Probe  
  82  7:14  Probe  
  82  7:15  Pylon  
  84  7:16  Phoenix (Chrono Boost)  
  84  7:17  Phoenix (Chrono Boost), Pylon  
  90  7:24  Phoenix (Chrono Boost)  
  90  7:26  Probe  
  91  7:33  Probe  
  92  7:37  Assimilator  
  92  7:38  Phoenix (Chrono Boost), Probe  
  92  7:39  Probe  
  92  7:41  Assimilator  
  92  7:42  Protoss Air Weapons Level 1 (Chrono Boost)  
  96  7:45  Probe  
  96  7:50  Probe  
  96  7:51  Fleet Beacon  
  98  7:57  Probe  
  96  7:59  Probe  
  96  8:01  Phoenix (Chrono Boost)  
  96  8:02  Probe  
  101  8:08  Probe  
  101  8:11  Probe  
  103  8:16  Probe  
  103  8:18  Probe  
  104  8:23  Probe  
  104  8:25  Phoenix (Chrono Boost)  
  104  8:26  Phoenix (Chrono Boost)  
  112  8:28  Phoenix (Chrono Boost), Probe  
  112  8:29  Probe  
  114  8:40  Phoenix (Chrono Boost)  
  116  8:41  Anion Pulse-Crystals (Chrono Boost)  
  116  8:44  Cybernetics Core  
  116  8:45  Probe  
  116  8:46  Probe x2  
  119  8:59  Nexus  
  119  9:03  Pylon  
  119  9:05  Probe  
  119  9:06  Phoenix, Probe x2  
  119  9:09  Phoenix  
  126  9:10  Phoenix x2  
  130  9:23  Photon Cannon  
  130  9:26  Assimilator  
  130  9:30  Assimilator  
  130  9:47  Probe x2  
  130  9:48  Probe  
  133  9:59  Probe  
Show
View Real Time Build Order
Export as new Build Order

fenor Protoss 

Build Orders: Colossus Rush 

Get SALT Encoding   

  12  0:01  Probe (Chrono Boost)  
  13  0:11  Probe (Chrono Boost)  
  14  0:23  Pylon  
  14  0:25  Probe (Chrono Boost)  
  15  0:41  Probe (Chrono Boost)  
  16  0:44  Gateway  
  16  0:47  Assimilator  
  16  0:52  Probe (Chrono Boost)  
  17  1:02  Pylon  
  17  1:03  Probe (Chrono Boost)  
  18  1:13  Probe (Chrono Boost)  
  19  1:24  Probe (Chrono Boost)  
  20  1:31  Cybernetics Core  
  20  1:34  Probe (Chrono Boost)  
  21  1:53  Nexus  
  21  2:00  Probe (Chrono Boost)  
  22  2:02  Zealot  
  24  2:11  Mothership Core (Chrono Boost)  
  24  2:14  Assimilator  
  26  2:22  Pylon  
  26  2:26  Warp Gate (Chrono Boost)  
  26  2:39  Probe  
  27  2:45  Robotics Facility  
  27  2:51  Probe  
  28  2:59  Pylon  
  28  3:08  Probe, Gateway  
  28  3:09  Probe  
  30  3:19  Probe  
  30  3:22  Probe  
  30  3:26  Gateway  
  32  3:29  Probe  
  32  3:33  Observer  
  32  3:34  Probe  
  35  3:40  Probe  
  35  3:46  Assimilator, Probe  
  37  3:49  Assimilator  
  37  3:50  Probe  
  38  3:58  Probe  
  38  4:01  Probe  
  38  4:02  Robotics Bay, Observer (Chrono Boost)  
  41  4:10  Probe  
  41  4:11  Probe  
  43  4:20  Pylon  
  43  4:22  Probe  
  43  4:24  Probe  
  44  4:28  Stalker  
  44  4:29  Stalker  
  44  4:30  Sentry  
  51  4:37  Probe  
  51  4:38  Probe  
  52  4:43  Forge  
  53  4:47  Probe  
  53  4:48  Colossus (Chrono Boost)  
  60  5:03  Extended Thermal Lance (Chrono Boost)  
  60  5:11  Pylon  
  60  5:14  Stalker  
  60  5:16  Stalker  
  60  5:18  Probe  
  65  5:23  Protoss Ground Weapons Level 1  
  65  5:25  Pylon  
  65  5:34  Stalker  
  67  5:36  Colossus  
  67  5:43  Photon Cannon  
  73  6:01  Nexus  
  73  6:06  Pylon  
  73  6:10  Stalker  
  75  6:11  Sentry  
  77  6:18  Gateway  
  77  6:19  Stalker  
  77  6:25  Colossus  
  79  6:27  Pylon  
  85  6:40  Stalker  
  85  6:41  Stalker  
  89  6:48  Probe x2  
  91  6:58  Stalker  
  91  7:00  Probe  
  91  7:01  Probe  
  95  7:08  Stalker, Sentry  
  97  7:12  Probe  
  97  7:13  Probe  
  101  7:25  Stalker x2, Probe x2  
  101  7:29  Probe  
  107  7:36  Assimilator  
  107  7:37  Probe x2, Protoss Ground Armor Level 1 (Chrono Boost)  
  109  7:39  Assimilator  
  109  7:40  Probe  
  109  7:41  Colossus  
  109  7:43  Twilight Council  
  111  7:50  Pylon  
  117  8:08  Probe  
  118  8:14  Pylon  
  118  8:16  Pylon  
  118  8:17  Pylon  
  118  8:18  Pylon  
  118  8:29  Stalker x3  
  118  8:32  Templar Archives  
  124  8:35  Probe x2  
  124  8:37  Probe  
  124  8:39  Gateway  
  127  8:41  Gateway  
  127  8:44  Gateway  
  127  8:52  Stalker  
  127  8:53  Stalker x3  
  135  8:59  Colossus  
  135  9:01  Probe x2  
  135  9:02  Probe  
  144  9:15  Gateway  
  143  9:26  High Templar x3  
  143  9:27  High Templar  
  150  9:46  Stalker x2  
  150  9:52  Archon  
  152  9:59  Archon  
  135  10:12  Stalker x5  
  135  10:13  Stalker x2  
Show
View Real Time Build Order
Export as new Build Order

Skyfire Zerg 

Build Orders: Hatch First, Lurkers 

Get SALT Encoding   

  12  0:01  Drone  
  13  0:08  Drone  
  14  0:17  Overlord  
  14  0:36  Drone x2  
  14  0:37  Drone  
  17  0:55  Drone  
  18  0:57  Hatchery  
  18  1:01  Drone  
  18  1:13  Spawning Pool  
  18  1:15  Drone  
  18  1:18  Extractor  
  18  1:22  Drone  
  19  1:32  Drone  
  19  1:47  Overlord  
  19  1:54  Drone  
  19  2:00  Queen  
  22  2:10  Zergling x2  
  22  2:11  Zergling x2, Queen  
  22  2:13  Drone  
  27  2:23  Drone  
  27  2:24  Drone  
  29  2:31  Drone  
  29  2:35  Drone  
  31  2:38  Lair  
  31  2:41  Drone  
  32  2:45  Drone, Evolution Chamber  
  32  2:54  Drone, Extractor  
  32  3:01  Overlord  
  32  3:03  Drone  
  33  3:11  Overlord x2  
  33  3:15  Zerg Missile Weapons Level 1  
  33  3:16  Extractor  
  32  3:20  Drone  
  32  3:21  Drone x3  
  36  3:28  Overlord  
  36  3:37  Drone x3  
  36  3:38  Drone  
  40  3:41  Drone  
  40  3:42  Roach Warren  
  40  3:44  Drone  
  41  3:49  Drone  
  41  3:52  Extractor  
  41  3:53  Overseer  
  41  3:57  Drone  
  41  4:01  Drone  
  43  4:06  Drone  
  44  4:10  Drone  
  44  4:16  Drone  
  46  4:21  Spore Crawler  
  46  4:24  Drone x5  
  47  4:25  Drone  
  47  4:30  Spore Crawler  
  51  4:31  Drone x2  
  51  4:32  Glial Reconstitution  
  52  4:43  Roach  
  52  4:44  Roach  
  56  4:52  Roach x2  
  60  4:53  Overlord x2  
  60  5:01  Overlord  
  60  5:08  Overlord  
  60  5:09  Zerg Ground Armor Level 1, Overlord  
  60  5:20  Drone x4  
  64  5:21  Drone  
  65  5:31  Roach  
  65  5:33  Roach  
  65  5:34  Roach  
  65  5:35  Roach x2  
  75  5:41  Roach x3  
  75  5:42  Evolution Chamber  
  80  5:45  Roach  
  80  5:47  Hydralisk Den  
  81  5:59  Roach x2  
  85  6:08  Roach x4  
  85  6:10  Hatchery  
  85  6:11  Roach x3  
  96  6:13  Zerg Missile Weapons Level 2  
  98  6:28  Roach  
  98  6:29  Overlord  
  98  6:30  Overlord x2  
  100  6:47  Overlord x2  
  100  6:48  Lurker Den  
  100  6:50  Roach x3  
  100  6:51  Roach x2  
  110  7:01  Roach x4  
  116  7:04  Hydralisk x2  
  116  7:08  Hydralisk x2  
  126  7:24  Roach  
  126  7:25  Roach x3  
  126  7:26  Hydralisk  
  135  7:30  Zerg Ground Armor Level 2  
  135  7:35  Queen  
  135  7:36  Drone  
  138  7:43  Hydralisk  
  140  7:54  Hydralisk x2  
  140  7:55  Hydralisk  
  146  8:02  Spore Crawler  
  145  8:09  Overlord  
  145  8:10  Overlord  
  145  8:17  Spine Crawler  
  145  8:18  Extractor  
  145  8:19  Extractor  
  142  8:25  Drone x4  
  146  8:27  Overlord  
  146  8:28  Infestation Pit  
  145  8:43  Drone x3  
  145  8:44  Drone x5  
  145  8:47  Drone x4  
  157  8:52  Lurker x2  
  157  8:53  Lurker  
  157  8:54  Lurker  
  161  9:05  Lurker  
  161  9:06  Lurker x4  
  167  9:10  Drone x4  
  170  9:23  Overlord  
  170  9:24  Spine Crawler  
  170  9:25  Overlord  
  170  9:26  Overseer  
  169  9:33  Overlord  
  169  9:38  Overlord  
  169  9:39  Overlord x2  
  169  9:46  Hydralisk x2  
  169  9:47  Hydralisk  
  169  9:48  Hydralisk  
Tags
 
Add a new tag
Caveats
  • Supply blocks, unpowered buildings, or Contaminate may cause inaccurate times.
  • Supply counts are checked every 10 seconds.